 Dungeon Crawl Stone Soup version 0.16.0-11-gd45b091 (webtiles) character file.

95 damienvgn the Skirmisher (level 4, 0/37 HPs)
             Began as a Demonspawn Abyssal Knight on Mar 17, 2015.
             Was a Believer of Lugonu.
             Succumbed to a goblin's poison
             ... on level 3 of the Dungeon.
             The game lasted 00:10:52 (1973 turns).

damienvgn the Skirmisher (DsAK)                     Turns: 1973, Time: 00:10:52

Health: 0/37       AC:  3    Str: 10 (13) XL:     4   Next: 40%
Magic:  5/5        EV: 13    Int: 14      God:    Lugonu [**....]
Gold:   121        SH:  0    Dex: 12      Spells: 0 memorised, 3 levels left

rFire  . . .     SeeInvis .     a - +1 spear
rCold  . . .     Clarity  .     b - +0 leather armour
rNeg   . . .     SustAb   .     (no shield)
rPois  .         Gourm    .     (no helmet)
rElec  .         Spirit   .     (no cloak)
rCorr  .         Warding  .     (no gloves)
rMut   .         Stasis   .     (no boots)
MR     .....                    (no amulet)
Stlth  +.........               (no ring)
                                (no ring)

@: lethally poisoned (0 -> -11), not resistant to hostile enchantments, very
unstealthy
A: claws 1, repulsion field 1
a: Depart the Abyss, Bend Space, Renounce Religion


You were on level 3 of the Dungeon.
You worshipped Lugonu.
Lugonu was pleased with you.
You were not hungry.

You visited 1 branch of the dungeon, and saw 3 of its levels.
You visited the Abyss 1 time.

You collected 121 gold pieces.

Inventory:

Hand weapons
 a - a +1 spear (weapon)
Missiles
 d - 23 stones (quivered)
Armour
 b - a +0 leather armour (worn)
Jewellery
 g - an uncursed ring of protection from cold {unknown}
Scrolls
 e - a scroll of amnesia
 i - 2 scrolls of teleportation
Potions
 j - a potion of degeneration
Comestibles
 c - 2 fruits
 f - a meat ration
 h - a royal jelly
 k - 2 chunks of flesh


   Skills:
 + Level 3.9 Fighting
 + Level 2.2 Polearms
 + Level 2.2 Armour
 + Level 1.8 Dodging
 + Level 1.0 Stealth
 + Level 2.8 Invocations


You had 3 spell levels left.
You didn't know any spells.

Dungeon Overview and Level Annotations

Branches:
Dungeon (3/15)

Altars:


Innate Abilities, Weirdness & Mutations

You have sharp fingernails.
You are surrounded by a mild repulsion field (EV +2).


Message History

an uncursed dagger of venom; an uncursed hunting sling; 10 stones You feel sick.
The goblin shoots a stone.
The stone hits you.
You see here a stone.
You feel sick. The worm barely misses you.
You feel sick.
The goblin unwields an uncursed hunting sling.
The goblin hits you.
You hit the goblin but do no damage.
You feel sick. The goblin misses you. The worm bites you but does no damage.
Your leather armour prevents you from hitting the goblin.
* * * LOW HITPOINT WARNING * * *
You feel sick. The goblin completely misses you. The worm bites you!
* * * LOW HITPOINT WARNING * * *
You barely miss the goblin.
* * * LOW HITPOINT WARNING * * *
You feel sick. The goblin closely misses you.
You hit the goblin!
You kill the goblin!
Lugonu accepts your kill.
You die...

# #.# .. #.# #. #.
#.# #. . .# #.# #.
###.. . #.# ##.##
..r #.#.#
###...###.#
#.#.###...#.....###.
#..).##.#...#.......
#@w##.##รท##.######
#..##.##.##.#
#####(.##.##.##.#
#....)(......##.#
..>(.####.########.#
## #(((...# #.#
######.# #.# #.# #.#


You could see a worm.

Vanquished Creatures
  A crimson imp (D:3)
  A worm (D:2)
  3 giant geckos
  2 oozes (D:1)
  A ball python (D:1)
  4 giant cockroaches
  6 hobgoblins
  6 kobolds
  A quokka (D:3)
  6 bats
  A giant newt (D:1)
  10 goblins
  6 rats
48 creatures vanquished.

Notes
Turn   | Place    | Note
--------------------------------------------------------------
     0 | Abyss:1  | damienvgn, the Demonspawn Abyssal Knight, began the quest for the Orb.
     0 | Abyss:1  | Reached XP level 1. HP: 18/18 MP: 1/1
    27 | D:1      | Escaped the Abyss
   259 | D:1      | Gained mutation: You are surrounded by a mild repulsion field (EV +2). [demonic ancestry]
   259 | D:1      | Reached XP level 2. HP: 24/24 MP: 2/2
   527 | D:1      | Acquired Lugonu's second power
   657 | D:1      | Reached skill level 1 in Dodging
   916 | D:1      | Reached XP level 3. HP: 26/29 MP: 4/4
  1754 | D:3      | Reached skill level 1 in Stealth
  1754 | D:3      | Gained mutation: You have sharp fingernails. [demonic ancestry]
  1754 | D:3      | Reached XP level 4. HP: 33/37 MP: 5/5
  1972 | D:3      | HP: 1/37 [poisoned by a goblin]
  1973 | D:3      | Succumbed to a goblin's poison

Action                   |  1- 3 |  4- 6 || total
-------------------------+-------+-------++-------
Melee: Spear             |   124 |    15 ||   139
  Use: Scroll            |     7 |     2 ||     9
       Potion            |     3 |       ||     3
  Eat: Bread ration      |     1 |       ||     1
